 Dungeon Crawl Stone Soup version 0.32-a0-656-g3542139ebd (webtiles) character file.

Game seed: 13899542180864303590

3883 ytrimaz the Carver (level 10, -3/82 HPs)
             Began as a Coglin Gladiator on Mar 9, 2024.
             Killed by vampiric draining
             ... invoked by a vampire
              (13 damage)
             ... in a bailey.
             The game lasted 00:08:15 (6905 turns).

ytrimaz the Carver (Coglin Gladiator)               Turns: 6905, Time: 00:08:16

Health: -3/82      AC:  4    Str: 15    XL:     10   Next: 19%
Magic:  10/10      EV: 16    Int:  8    God:
Gold:   357        SH:  0    Dex: 19    Spells: 9/9 levels left

rFire   . . .        a - +0 long sword (flame) {Ming}
rCold   . . .        r - +0 long sword {Lucía}
rNeg    . . .        b - +0 leather armour
rPois   .            c - +0 helmet
rElec   .            (no cloak)
rCorr   .            (no gloves)
SInv    .            (no boots)
Will    .....        (amulet unavailable)
Stlth   +            (ring unavailable)
HPRegen 0.33/turn    (ring unavailable)
MPRegen 0.12/turn    (no gizmo)

%: clarity
@: revved
A: off-hand wielding, slow wielding, warmup strikes, no jewellery, clarity,
mutation resistance 1
a: Invent Gizmo


You were in a bailey.
You visited 1 branch of the dungeon, and saw 7 of its levels.
You also visited: Bailey.

You collected 357 gold pieces.


Innate Abilities, Weirdness & Mutations

You can wield a second weapon in your off-hand.
It takes a long time for you to wield or remove held weapons.
Your first few attacks do less damage.
You cannot equip rings or amulets.
You possess an exceptional clarity of mind.
You are somewhat resistant to further mutation.


   Skills:
 + Level 8.6 Fighting
 + Level 8.9 Long Blades
 - Level 1.7 Throwing
 + Level 8.1 Dodging


You had 9 spell levels left.
You didn't know any spells.
Your spell library contained the following spells:

 Spells                   Type           Power      Damage    Failure   Level
 Call Imp                 Summ           0%         N/A       63%         2
 Cigotuvi's Dreadful Rot  Necr/Alch/Air  0%         N/A       63%         2
 Sublimation of Blood     Necr           0%         N/A       63%         2
 Dazzling Flash           Conj/Hex       0%         N/A       85%         3
 Mephitic Cloud           Conj/Alch/Air  0%         N/A       85%         3
 Swiftness                Air            0%         N/A       85%         3
 Curse of Agony           Necr           0%         N/A       100%        5
 Freezing Cloud           Conj/Ice/Air   0%         6-21      100%        5
 Silence                  Hex/Air        0%         N/A       100%        5
 Summon Hydra             Summ           0%         N/A       100%        7
 Chain Lightning          Conj/Air       0%         N/A       100%        9

Inventory:

Hand Weapons
 a - a +0 long sword of flaming (weapon) {Ming}
 r - a +0 long sword (offhand) {Lucía}
   (You found it on level 3 of the Dungeon)
Missiles
 d - a throwing net
 e - a javelin
Armour
 b - a +0 leather armour (worn)
 c - a +0 helmet (worn)
 i - a +0 plate armour
   (You found it on level 1 of the Dungeon)
Wands
 f - a wand of roots (2) (quivered)
   (You found it on level 3 of the Dungeon)
 o - a wand of flame (21)
   (You found it on level 4 of the Dungeon)
Scrolls
 g - a scroll of revelation
 h - a scroll of vulnerability {unknown}
 j - a scroll of poison
 p - a scroll of teleportation
 q - a scroll of amnesia
Potions
 k - 2 potions of mutation
 l - a potion of attraction
 n - 2 potions of enlightenment

Dungeon Overview and Level Annotations

Branches:
Dungeon (9/15) Zot: 26489  Bailey (1/1) Zot: 5412
 Temple: D:4-7         Lair: D:8-11         Orc: D:9-12

Altars:
Ashenzari
Cheibriados
Elyvilon
Fedhas
Hepliaklqana
Makhleb
Sif Muna
Uskayaw
Vehumet
The Shining One

Shops:
D:1

= ...#....#....♣.♣....#
#'##'#..#.....♣...
#....#..#......♣
#....####...#
#....'....####
#....'...##..##
#....#...#....#########
#....#...............ß#
####+#......#...@{....#
#ß....##...##''###
#######.).##....#
ß.......##......#
ß.......#...##...#
#########..# #..# #..
..# #ß. ..#


There were no monsters in sight!


Message History

You slash the vampire with your +0 long sword!
You hit the vampire with your +0 long sword of flaming.
You burn the vampire.
The vampire casts a spell.
The vampire flickers and vanishes!
Deactivating autopickup; reactivate with Ctrl-A.
Something wriggles in the net.
Unknown command.
You hit something but do no damage.
You slash something with your +0 long sword!
You hit something but do no damage. x2; Something wriggles in the net.
Unknown command.
You hit something but do no damage.
You hit something with your +0 long sword of flaming.
You burn something.
Something wriggles in the net.
You hit something but do no damage. x2; Something wriggles in the net.
Unknown command.
You completely miss something with your +0 long sword of flaming.
You hit something with your +0 long sword.
Something draws life force from you!
Something wriggles in the net.
All of a sudden the net rips apart! 😕 HP[-14]
You take 14 damage, and now have 68/82 hp.
You barely miss something with your +0 long sword of flaming.
You hit something but do no damage.
Unknown command.
You barely miss something with your +0 long sword.
You closely miss something with your +0 long sword of flaming.
Something draws life force from you! 😮 HP[-8]
You take 8 damage, and now have 60/82 hp.
Unknown command.
You hit something with your +0 long sword of flaming.
You burn something.
You hit something with your +0 long sword.
You hit something but do no damage.
You hit something with your +0 long sword of flaming.
You burn something. Something draws life force from you.
Unknown command. 😮 HP[-5]
You take 5 damage, and now have 55/82 hp.
You hit something but do no damage. x2; Something hits you!
* * * LOW HITPOINT WARNING * * *
Something bites you but does no damage. 😨 HP[-15]
You take 15 damage, and now have 40/82 hp.
Unknown command.
You closely miss something with your +0 long sword of flaming.
You barely miss something with your +0 long sword.
Something hits you!
* * * LOW HITPOINT WARNING * * *
Something bites you!
* * * LOW HITPOINT WARNING * * *
Something draws strength from your injuries! 😱 HP[-24]
You take 24 damage, and now have 16/82 hp.
MASSIVE DAMAGE!! (PAUSE) Unknown command.
Okay, then.
Unknown command.
Throw: 2 throwing nets
Press: ? - help, Q - select action, (/) - cycle Shift-Dir - straight line You throw a throwing net.
Something gets caught in the net!
Something wriggles in the net.
Unknown command.
You barely miss something with your +0 long sword of flaming.
You hit something but do no damage.
Something wriggles in the net. 😱 HP[+1] Unknown command.
You hit something but do no damage.
You barely miss something with your +0 long sword of flaming.
Something wriggles in the net.
You hit something with your +0 long sword.
You barely miss something with your +0 long sword of flaming.
Something draws life force from you!
* * * LOW HITPOINT WARNING * * *
Something wriggles in the net.
Unknown command. 😱 HP[-8]
You take 8 damage, and now have 9/82 hp.
You closely miss something with your +0 long sword of flaming.
You hit something but do no damage. 😱 HP[+1] Unknown command.
Unknown command.
Okay, then.
Unknown command.
Aiming: Fastroot
Press: ? - help, Q - select action, (/) - cycle Shift-Dir - straight line The roots erupt in riotous growth!
Roots grab something.
The grasping roots constrict something!
Something wriggles in the net.
All of a sudden the net rips apart!
Unknown command.
Unknown command.
Aiming: Fastroot
Press: ? - help, Q - select action, (/) - cycle Shift-Dir - straight line, f - you The roots erupt in riotous growth!
The grasping roots constrict something.
Something draws life force from you!
You die...

Skill      XL: |  1  2  3  4  5  6  7  8  9 10 |
---------------+-------------------------------+-----
Dodging        | 3 4 5 6 7 8 |  8.1
Fighting       | 3 4 5 6 8 |  8.6
Long Blades    | 4 5 7 8 |  8.9
Throwing       | |  1.7

Action                     |  1- 3 |  4- 6 |  7- 9 | 10-12 || total
---------------------------+-------+-------+-------+-------++-------
  Melee: Long sword        |    67 |   113 |   311 |   102 ||   593
         Dagger            |    44 |       |       |       ||    44
         Falchion          |    18 |    60 |       |       ||    78
  Throw: Throwing net      |       |     1 |     3 |     4 ||     8
  Evoke: Wand              |       |       |     9 |     2 ||    11
    Use: Scroll            |     4 |     6 |     8 |       ||    18
         Potion            |       |     2 |     4 |       ||     6
   Stab: Sleeping          |     3 |     2 |       |       ||     5
         Distracted        |       |     1 |       |       ||     1
         Held in net/web   |       |       |     3 |     3 ||     6
 Armour: Leather armour    |    47 |    84 |    89 |    37 ||   257
         Skin              |       |       |    20 |       ||    20
  Dodge: Dodged            |    49 |   120 |   123 |    48 ||   340

Levels and vault maps discovered:
D:1:      dpeg_arrival_pond, layout_basic, serial_shops, shop, st_stairs_3,
          nicolae_grassy_gnolls
D:2:      layout_basic, serial_glass, glass_columns_a, glass_columns_a
D:3:      minmay_roachtagon, layout_rooms, ebering_ecumenical_altar_box,
          uniq_jessica, uniq_grinder
D:4:      layout_loops_ring, nicolae_overflow_hallway_of_the_gods,
          nicolae_kite_square_tiling_tiny, lemuel_flame_loot_1
D:5:      layout_basic, uniq_blork_the_orc
D:6:      layout_basic, elyvilon_altar_3, kennysheep_generic_room_13,
          uniq_crazy_yiuf_cottage
D:9:      layout_long_grid, mainiacjoe_overflow_two_lobes, enter_bailey_2
Bailey:   bailey_polearm_vampire_castle_hellmonk, bailey

Notes
Turn   | Place    | Note
-------+----------+-------------------------------------------
     0 | D:1      | ytrimaz the Coglin Gladiator began the quest for the Orb.
     0 | D:1      | Reached XP level 1. HP: 16/16 MP: 1/1
     0 | D:1      | magus.rc [v1.9.6]
   132 | D:1      | Reached XP level 2. HP: 22/22 MP: 2/2
   150 | D:1      | Reached skill level 3 in Dodging
   162 | D:1      | Reached XP level 3. HP: 20/28 MP: 3/3
   320 | D:1      | Found Oryd's Jewellery Shoppe.
  1034 | D:2      | Reached skill level 3 in Fighting
  1034 | D:2      | Reached XP level 4. HP: 33/35 MP: 4/4
  1587 | D:2      | HP: 8/35 [gnoll/+0 halberd (11)]
  1750 | D:2      | Reached skill level 4 in Long Blades
  1750 | D:2      | Reached XP level 5. HP: 24/41 MP: 5/5
  2081 | D:3      | Noticed Jessica
  2085 | D:3      | Killed Jessica
  2128 | D:3      | Found a faded altar of an unknown god.
  2213 | D:3      | Noticed Grinder
  2226 | D:3      | Killed Grinder
  2227 | D:3      | Reached skill level 4 in Fighting
  2227 | D:3      | Reached skill level 4 in Dodging
  2227 | D:3      | Reached XP level 6. HP: 23/48 MP: 6/6
  2399 | D:3      | You add the spells Cigotuvi's Dreadful Rot, Swiftness,
                  | Freezing Cloud and Chain Lightning to your library.
  2399 | D:3      | Got the Elucidation of Haze
  2750 | D:4      | Found a blossoming altar of Fedhas.
  2750 | D:4      | Found a hazy altar of Hepliaklqana.
  2759 | D:4      | Found a snail-covered altar of Cheibriados.
  2761 | D:4      | Found a hide-covered altar of Uskayaw.
  2762 | D:4      | Found a broken altar of Ashenzari.
  2771 | D:4      | Found a glowing golden altar of the Shining One.
  2774 | D:4      | Found a radiant altar of Vehumet.
  2952 | D:4      | Identified the +6 sling "Impbane" {heavy, rPois}
  2976 | D:4      | Reached skill level 5 in Long Blades
  2976 | D:4      | Reached XP level 7. HP: 36/55 MP: 7/7
  3061 | D:4      | You pick up a book of Blood and begin reading...
  3061 | D:4      | You add the spells Call Imp, Sublimation of Blood and
                  | Summon Hydra to your library.
  3192 | D:4      | You pick up a book of the Senses and begin reading...
  3192 | D:4      | You add the spells Dazzling Flash, Mephitic Cloud, Curse of
                  | Agony and Silence to your library.
  3737 | D:5      | Entered Level 5 of the Dungeon
  3820 | D:5      | Gained mutation: You possess an exceptional clarity of
                  | mind. [potion of mutation]
  3820 | D:5      | Gained mutation: You are somewhat resistant to further
                  | mutation. [potion of mutation]
  3821 | D:5      | HP: 13/55 [orc/boomerang (2)]
  3833 | D:5      | HP: 20/82 [killer bee (4)]
  3838 | D:5      | Reached skill level 5 in Fighting
  3838 | D:5      | Reached skill level 5 in Dodging
  3838 | D:5      | HP: 13/84 [poisoned by a killer bee]
  3843 | D:5      | HP: 6/84 [sleepcap (2)]
  4269 | D:5      | Noticed Blork the orc
  4286 | D:5      | HP: 14/56 [Blork the orc/+0 broad axe (14)]
  4292 | D:5      | Killed Blork the orc
  4293 | D:5      | Reached XP level 8. HP: 10/63 MP: 8/8
  4501 | D:5      | Reached skill level 6 in Long Blades
  5061 | D:6      | Reached skill level 6 in Fighting
  5063 | D:6      | HP: 15/64 [orc/+0 club (5)]
  5395 | D:6      | Reached skill level 6 in Dodging
  5542 | D:6      | Found a white marble altar of Elyvilon.
  5804 | D:6      | You fall into a shaft and drop 3 floors!
  5804 | D:9      | Found a burning altar of Makhleb.
  5818 | D:9      | Noticed a yak
  5819 | D:9      | Noticed a yak
  5828 | D:9      | Killed a yak
  5829 | D:9      | Reached skill level 7 in Long Blades
  5829 | D:9      | Reached XP level 9. HP: 58/71 MP: 9/9
  5868 | D:9      | Reached skill level 7 in Fighting
  6019 | D:9      | Found a shimmering blue altar of Sif Muna.
  6111 | D:9      | Reached skill level 7 in Dodging
  6123 | D:9      | Found a flagged portal.
  6153 | D:9      | Reached skill level 8 in Long Blades
  6164 | D:9      | HP: 16/74 [centaur (3)]
  6169 | D:9      | HP: 12/74 [kobold/stone (1)]
  6171 | D:9      | Reached skill level 8 in Fighting
  6314 | Bailey   | Entered a bailey
  6476 | Bailey   | Reached XP level 10. HP: 63/80 MP: 10/10
  6550 | Bailey   | Reached skill level 8 in Dodging
  6666 | Bailey   | Noticed a gargoyle
  6675 | Bailey   | HP: 18/82 [gargoyle/stone arrow (16)]
  6676 | Bailey   | Killed a gargoyle
  6898 | Bailey   | HP: 16/82 [something (11)]
  6905 | Bailey   | Killed from afar by a vampire

Vanquished Creatures
  A gargoyle (Bailey)
  Grinder (D:3)
  A vampire (D:9)
  4 yaks (D:9)
  A water moccasin (D:9)
  2 orc warriors (D:6)
  A sky beast (D:6)
  A black bear (D:5)
  A centaur (D:9)
  A phantom (D:6)
  A kobold brigand (D:9)
  A bullfrog (D:9)
  Blork the orc (D:5)
  3 scorpions
  3 killer bees (D:5)
  7 vampire bats (Bailey)
  6 wolf zombies (Bailey)
  A hound (D:4)
  2 jellies
  A bombardier beetle (D:4)
  2 orc priests (D:6)
  2 sleepcaps (D:5)
  Jessica (D:3)
  An orc wizard (D:5)
  2 iguanas (D:6)
  15 orc zombies (Bailey)
  3 adders
  5 gnolls
  2 ribbon worms
  6 dart slugs
  20 orcs
  7 ball pythons
  8 bats
  9 endoplasms
  12 giant cockroaches
  6 hobgoblins
  5 jackals
  5 quokkas
  6 goblins
  12 kobolds
  6 rats
175 creatures vanquished.

Vanquished Creatures (collateral kills)
  3 yaks (D:9)
  A kobold (D:9)
4 creatures vanquished.

Vanquished Creatures (others)
  2 kobolds (D:4)
2 creatures vanquished.

Grand Total: 181 creatures vanquished

Table legend:
 A = Non-vault XP
 B = Vault XP
 C = Vault XP percentage of total XP
 D = Non-vault monster count
 E = Vault monster count
 F = Vault count percentage of total count
                 A         B        C        D         E       F
            +---------+---------+-------+---------+---------+-------
      Total |    3914 |    1634 |  29.5 |     136 |      43 |  24.0
            +---------+---------+-------+---------+---------+-------
        D:1 |      63 |      17 |  21.2 |      28 |       3 |   9.7
        D:2 |      94 |       0 |   0.0 |      22 |       0 |   0.0
        D:3 |      56 |     311 |  84.7 |      20 |      10 |  33.3
        D:4 |     123 |       0 |   0.0 |      11 |       0 |   0.0
        D:5 |     665 |      87 |  11.6 |      18 |       1 |   5.3
        D:6 |     809 |       0 |   0.0 |      19 |       0 |   0.0
        D:9 |    2104 |       0 |   0.0 |      18 |       0 |   0.0
     Bailey |       0 |    1219 | 100.0 |       0 |      29 | 100.0
            +---------+---------+-------+---------+---------+-------

Skill      XL: |  1  2  3  4  5  6  7  8  9 10 |
---------------+-------------------------------+-----
Dodging        | 3 4 5 6 7 8 |  8.1
Fighting       | 3 4 5 6 8 |  8.6
Long Blades    | 4 5 7 8 |  8.9
Throwing       | |  1.7

Action                     |  1- 3 |  4- 6 |  7- 9 | 10-12 || total
---------------------------+-------+-------+-------+-------++-------
  Melee: Long sword        |    67 |   113 |   311 |   102 ||   593
         Dagger            |    44 |       |       |       ||    44
         Falchion          |    18 |    60 |       |       ||    78
  Throw: Throwing net      |       |     1 |     3 |     4 ||     8
  Evoke: Wand              |       |       |     9 |     2 ||    11
    Use: Scroll            |     4 |     6 |     8 |       ||    18
         Potion            |       |     2 |     4 |       ||     6
   Stab: Sleeping          |     3 |     2 |       |       ||     5
         Distracted        |       |     1 |       |       ||     1
         Held in net/web   |       |       |     3 |     3 ||     6
 Armour: Leather armour    |    47 |    84 |    89 |    37 ||   257
         Skin              |       |       |    20 |       ||    20
  Dodge: Dodged            |    49 |   120 |   123 |    48 ||   340

Illustrated notes

Table legend:
 A = Kills in this place as a percentage of kills in the entire game.
 B = Kills by you in this place as a percentage of kills by you in the entire game.
 C = Kills by friends in this place as a percentage of kills by friends in the entire game.
 D = Other kills in this place as a percentage of other kills in the entire game.
 E = Experience gained in this place as a percentage of experience gained in the entire game.
 F = Experience gained in this place divided by the number of levels of this place that you have seen.
                   A       B       C       D       E      F
               +-------+-------+-------+-------+-------+----------------------
         Total | 100.0 | 100.0 | 100.0 |   N/A | 100.0 | 693.5
       Dungeon |  83.8 |  83.4 | 100.0 |   N/A |  78.0 | 618.4
        Bailey |  16.2 |  16.6 |   0.0 |   N/A |  22.0 | 1219.0
               +-------+-------+-------+-------+-------+----------------------

Table legend: (Time is in decaauts)
 A = Elapsed time spent in this place.
 B = Non-inter-level travel time spent in this place.
 C = Inter-level travel time spent in this place.
 D = Time resting spent in this place.
 E = Time spent auto-exploring this place.
 F = Levels seen in this place.
 G = Mean time per level.
                   A        B        C        D        E       F      G
               +--------+--------+--------+--------+--------+-----+--------+
         Total |   6937 |   6813 |    124 |    599 |   4918 |   8 |  867.1 |
       Dungeon |   6350 |   6226 |    124 |    533 |   4528 |   7 |  907.1 |
        Bailey |    587 |    587 |      0 |     66 |    390 |   1 |  587.0 |
               +--------+--------+--------+--------+--------+-----+--------+

Top non-repeatable levels by time:
     D:5: 1242 daAuts
     D:4: 1127 daAuts
     D:1: 1019 daAuts
     D:2: 862 daAuts
     D:6: 834 daAuts
     D:3: 753 daAuts
  Bailey: 587 daAuts
     D:9: 510 daAuts
